 Dungeon Crawl Stone Soup version 0.23.1 (webtiles) character file.

Game seed: 7611700553232510735

2977 Fang the Fighter (level 9, -2/59 HPs)
             Began as a Gargoyle Berserker on Mar 8, 2019.
             Was an Elder of Trog.
             Slain by a troll (5 damage)
             ... on level 8 of the Dungeon.
             The game lasted 00:08:57 (6547 turns).

Fang the Fighter (Gargoyle Berserker)               Turns: 6547, Time: 00:08:58

Health: -2/59      AC: 19    Str: 24    XL:     9   Next: 82%
Magic:  9/9        EV:  9    Int:  8    God:    Trog [****..]
Gold:   483        SH:  0    Dex:  9    Spells: 8/8 levels left

rFire    . . .     SeeInvis .   k - +0 war axe
rCold    . . .     Gourm    .   (no shield)
rNeg     + . .     Faith    .   g - +0 plate armour
rPois    ∞         Spirit   .   (no helmet)
rElec    +         Reflect  .   (no cloak)
rCorr    .         Harm     .   (no gloves)
MR       .....                  (no boots)
Stlth    ..........             (no amulet)
HPRegen  0.19/turn              u - ring of stealth
MPRegen  0.11/turn              (no ring)

@: berserk cooldown, slowed, very slow
A: negative energy resistance 1, electricity resistance, unbreathing,
petrification resistance, rot immunity, AC +6
a: Berserk, Trog's Hand, Brothers in Arms, Renounce Religion


You were on level 8 of the Dungeon.
You worshipped Trog.
Trog was greatly pleased with you.
You were not hungry.

You visited 2 branches of the dungeon, and saw 9 of its levels.

You collected 483 gold pieces.

Inventory:

Hand Weapons
 k - a +0 war axe (weapon)
Armour
 g - a +0 plate armour (worn)
Jewellery
 u - a ring of stealth (left hand)
Wands
 n - a wand of random effects (57)
 r - a wand of flame (21)
 t - a wand of polymorph (10)
 y - a wand of clouds (4)
Scrolls
 i - a scroll of enchant armour {unknown}
 m - a scroll of blinking {unknown}
 o - 3 scrolls of teleportation
 p - a scroll of enchant weapon {unknown}
 q - 3 scrolls of remove curse
 s - 2 scrolls of fog
 v - 3 scrolls of immolation {unknown}
 w - 2 scrolls of fear {unknown}
 x - a scroll of noise {unknown}
Potions
 a - a potion of lignification {unknown}
 b - 6 potions of curing {unknown}
 d - a potion of resistance
 e - 2 potions of heal wounds {unknown}
 f - a potion of mutation {unknown}
 h - a potion of might {unknown}
 j - a potion of magic
 l - 2 potions of brilliance {unknown}
 z - a potion of invisibility {unknown}
 A - a potion of agility {unknown}
Comestibles
 c - 9 rations


   Skills:
 + Level 8.0 Fighting
 + Level 6.6 Axes
 + Level 7.5 Armour
 + Level 5.7 Dodging


You had 8 spell levels left.
You didn't know any spells.
Your spell library was empty.

Dungeon Overview and Level Annotations

Branches:
Dungeon (8/15)             Temple (1/1) D:4
   Lair: D:8-11

Altars:
Gozag
Kikubaaqudgha
Nemelex Xobeh
Wu Jian
Yredelemnul

Shops:
D:4 [   D:6 }


Innate Abilities, Weirdness & Mutations

You are resistant to torment.
Your stone body is resilient. (AC +6)
You are immune to poison.
You resist negative energy. (rN+)
You are resistant to electric shocks. (rElec)
You can survive without breathing.
You are immune to petrification.
You are immune to rotting.


Message History

The troll claws you but does no damage.
An orc comes into view.
The electric eel shoots out a bolt of lightning at you!
The bolt of electricity hits you. You resist.
* * * LOW HITPOINT WARNING * * *
The electric eel shoots out a bolt of lightning at you!
The bolt of electricity hits you. You resist.
* * * LOW HITPOINT WARNING * * *
The orc wizard mumbles some strange words.
The orc wizard blinks!
An orc warrior comes into view. It is wielding a +0 dire flail.
The orc warrior shouts!
The electric eel shoots out a bolt of lightning at you!
The bolt of electricity hits the orc priest!
The bolt of electricity hits you but does no damage.
The bolt of electricity hits you. You resist.
* * * LOW HITPOINT WARNING * * *
The orc priest casts a cantrip, but nothing happens.
The troll bites you.
You die...

.≈≈o.≈≈≈.#.
.o≈≈≈.....
≈§≈≈.≈.... #
≈≈≈≈≈....# .# #
≈≈..;....# .#.#
.≈...o;o.#
....#
.......o.##.#.#
.......T††)...#
.......@<..#.##
....[..#.†.#
#####..#.....#
..[.#...###
...........
...........###
........####
........


You could see a troll, 2 electric eels, an orc priest and 3 orcs.

Vanquished Creatures
  The ghost of Prakerore the Vandal, a novice MiFi of the Shining One (D:7)
  Joseph (D:7)
  Menkaure (D:6)
  An ice beast (D:7)
  4 wolves (D:8)
  2 ogres
  A phantom (D:7)
  A centaur (D:6)
  A bullfrog (D:6)
  4 scorpions
  A howler monkey (D:5)
  A centaur zombie (D:5)
  6 hounds
  A jelly (D:6)
  A bullfrog skeleton (D:7)
  2 orc priests
  4 worker ants
  Ijyb (D:5)
  2 iguanas
  6 orc wizards
  A killer bee zombie (D:7)
  2 worker ant zombies
  12 adders
  A shadow imp (D:8)
  An ooze (D:2)
  2 adder zombies (D:5)
  An adder skeleton (D:8)
  2 worms (D:2)
  3 dart slugs
  6 leopard geckos
  21 orcs
  8 bats
  2 giant cockroaches
  11 goblins
  8 hobgoblins
  7 jackals (D:3)
  4 quokkas
  2 ball pythons
  5 frilled lizards
  12 kobolds
  A quokka skeleton (D:5)
  6 rats
160 creatures vanquished.

Vanquished Creatures (others)
  An orc (D:8)
1 creature vanquished.

Grand Total: 161 creatures vanquished

Notes
Turn   | Place    | Note
-------+----------+-------------------------------------------
     0 | D:1      | Fang the Gargoyle Berserker began the quest for the Orb.
     0 | D:1      | Reached XP level 1. HP: 14/14 MP: 1/1
    93 | D:1      | Reached XP level 2. HP: 19/19 MP: 2/2
   544 | D:1      | Reached XP level 3. HP: 23/23 MP: 3/3
   727 | D:2      | Reached ** piety under Trog
  1128 | D:2      | Reached XP level 4. HP: 16/29 MP: 4/4
  1475 | D:2      | Reached skill level 4 in Fighting
  1985 | D:3      | Found a sparkling altar of Nemelex Xobeh.
  2027 | D:3      | Reached XP level 5. HP: 20/33 MP: 5/5
  2717 | D:3      | Reached *** piety under Trog
  3067 | D:4      | Found a staircase to the Ecumenical Temple.
  3127 | D:4      | Reached XP level 6. HP: 34/39 MP: 6/6
  3138 | Temple   | Entered the Ecumenical Temple
  3386 | D:4      | Found an opulent altar of Gozag.
  3647 | D:4      | Found Jiesu's Armour Boutique.
  3773 | D:5      | Entered Level 5 of the Dungeon
  3961 | D:5      | Reached skill level 5 in Fighting
  3961 | D:5      | Reached XP level 7. HP: 44/44 MP: 7/7
  3971 | D:5      | Noticed Ijyb
  3986 | D:5      | Killed Ijyb
  4463 | D:6      | Noticed Menkaure
  4469 | D:6      | Killed Menkaure
  4651 | D:6      | Reached skill level 5 in Armour
  5007 | D:6      | Found a basalt altar of Yredelemnul.
  5049 | D:6      | Reached XP level 8. HP: 44/51 MP: 8/8
  5105 | D:6      | Reached skill level 6 in Fighting
  5107 | D:6      | Found an ancient bone altar of Kikubaaqudgha.
  5297 | D:6      | Reached skill level 5 in Axes
  5324 | D:6      | Found Veucauf's Gadget Boutique.
  5624 | D:7      | Noticed Joseph
  5631 | D:7      | Reached **** piety under Trog
  5635 | D:7      | Killed Joseph
  5998 | D:7      | Found an ornate altar of the Wu Jian Council.
  6005 | D:7      | Reached XP level 9. HP: 53/56 MP: 9/9
  6014 | D:7      | Reached skill level 7 in Fighting
  6017 | D:7      | Reached skill level 5 in Dodging
  6207 | D:7      | Found a runed translucent door.
  6368 | D:7      | Noticed Prakerore's ghost (novice MiFi)
  6447 | D:7      | Killed Prakerore's ghost
  6537 | D:8      | Reached skill level 8 in Fighting
  6540 | D:8      | Noticed a troll
  6547 | D:8      | Slain by a troll

Skill      XL: |  1  2  3  4  5  6  7  8  9 |
---------------+----------------------------+-----
Axes           | 3 4 5 6 |  6.6
Dodging        | 2 3 4 5 |  5.7
Armour         | 3 4 5 6 7 |  7.5
Fighting       | 4 5 6 8 |  8.0

Action                   |  1- 3 |  4- 6 |  7- 9 || total
-------------------------+-------+-------+-------++-------
Melee: Hand axe          |   179 |   163 |       ||   342
       War axe           |       |   161 |   256 ||   417
Invok: Berserk           |     1 |     1 |     4 ||     6
  Use: Scroll            |       |     6 |       ||     6
 Stab: Sleeping          |     1 |       |       ||     1
  Eat: Chunk             |     2 |    10 |    10 ||    22
       Ration            |       |       |     1 ||     1
Armor: Animal skin       |     2 |       |       ||     2
       Plate armour      |   158 |   259 |   256 ||   673
       Skin              |       |     4 |       ||     4
Dodge: Dodged            |    81 |   142 |   122 ||   345
